 Dungeon Crawl Stone Soup version 0.19.0-2-gae57169 (webtiles) character file.

252871 Gorice the Tortoise (level 18, 0/156 HPs)
             Began as a Demonspawn Gladiator on Nov 6, 2016.
             Was a Priest of Uskayaw.
             Slain by a deep troll (6 damage)
             ... led by an ironheart preserver
             ... on level 1 of the Vaults.
             The game lasted 04:23:23 (48224 turns).

Gorice the Tortoise (Demonspawn Gladiator)         Turns: 48224, Time: 04:23:24

Health: 0/156      AC: 33    Str: 20    XL:     18   Next: 98%
Magic:  22/22      EV: 18    Int: 10    God:    Uskayaw [***...]
Gold:   2259       SH:  0    Dex: 17    Spells: 0 memorised, 17 levels left

rFire  . . .     SeeInvis .     a - +9 whip of the Empty Page {vamp, rPois}
rCold  + . .     Gourm    +     p - +2 plate armour {MR+}
rNeg   . . .     Faith    .     (no shield)
rPois  +         Spirit   .     c - +1 helmet
rElec  .         Reflect  .     C - +2 cloak
rCorr  .         Harm     .     w - +2 pair of gloves
MR     ++...                    v - +0 pair of boots
Stlth  ..........               J - amulet of the gourmand
                                O - +2 ring of evasion
                                o - ring of protection from cold

@: marked
A: hooves 2, rugged brown scales 2, demonic guardian 2, foul stench 1, rot
immunity
a: Stomp, Line Pass, Renounce Religion
}: 2/15 runes: decaying, serpentine


You were on level 1 of the Vaults.
You worshipped Uskayaw.
Uskayaw was noncommittal.
You were very full.

You visited 7 branches of the dungeon, and saw 34 of its levels.
You also visited: Ossuary.

You collected 3763 gold pieces.
You spent 1504 gold pieces at shops.

Inventory:

Hand Weapons
 a - the +9 whip of the Empty Page (weapon) {vamp, rPois}
   (You found it on level 4 of the Dungeon)

   It inflicts no extra harm, but heals its wielder when it wounds a living foe.
   It protects you from poison.
 b - the +9 great mace "Hagaerid" {venom, Str+3 SInv}
   (You acquired it on level 1 of the Lair of Beasts)

   It poisons the flesh of those it strikes.
   It affects your strength (+3).
   It lets you see invisible.
 B - a +0 blowgun
Missiles
 l - 9 curare-tipped needles
 q - 16 javelins
 I - 35 tomahawks (quivered)
 Y - 4 throwing nets
Armour
 c - a +1 helmet (worn)
 p - a +2 plate armour of magic resistance (worn)
   (You bought it in a shop on level 6 of the Dungeon)
 v - a +0 pair of boots (worn)
 w - a +2 pair of gloves (worn)
 A - +0 ice dragon scales
 C - a +2 cloak (worn)
Jewellery
 h - an uncursed ring of positive energy
 o - a ring of protection from cold (left hand)
 H - an uncursed ring of flight
 J - an amulet of the gourmand (around neck)
 K - an uncursed ring of poison resistance
 O - a +2 ring of evasion (right hand)
 R - an uncursed ring of ice {unknown}
Wands
 d - a wand of iceblast (3/15)
 j - a wand of flame (18/48)
 u - a wand of paralysis (15/24)
 D - a wand of lightning (11/15)
 E - a wand of acid (8/15)
 F - a wand of digging (17/24)
 L - a wand of disintegration (18/24)
 V - a wand of polymorph (5/24)
Scrolls
 e - 15 scrolls of identify
 n - 2 scrolls of fog
 x - 2 scrolls of summoning {!r}
 y - 2 scrolls of teleportation {!r}
 z - 13 scrolls of remove curse
 S - 8 scrolls of magic mapping {!r}
Potions
 g - 6 potions of agility {!q}
 k - 8 potions of ambrosia
 s - 4 potions of curing
 t - a potion of invisibility {!q}
 G - 3 potions of might {!q}
 M - 4 potions of haste {!q}
 N - a potion of cancellation {!q}
 U - 2 potions of lignification {!q}
Miscellaneous
 i - a sack of spiders
Comestibles
 f - 22 bread rations {!e}
 m - 5 chunks of flesh
 r - 13 fruits
 P - a beef jerky
 Q - a slice of pizza


   Skills:
 - Level 15.0 Fighting
 + Level 15.3 Maces & Flails
 * Level 6.0 Throwing
 - Level 16.0 Armour
 - Level 16.0 Dodging
 - Level 5.3 Invocations
 - Level 6.6 Evocations


You had 17 spell levels left.
You didn't know any spells.

Dungeon Overview and Level Annotations

Branches:
Dungeon (15/15)            Temple (1/1) D:7            Lair (6/6) D:11
  Swamp (4/4) Lair:2        Snake (4/4) Lair:3        Slime (0/5) Lair:6
    Orc (2/2) D:12            Elf (0/3) Orc:2        Vaults (2/5) D:13
 Depths (0/5) D:15
  Crypt: Vaults:2-3

Altars:
Ashenzari
Cheibriados
Dithmenos
Elyvilon
Fedhas
Gozag
Hepliaklqana
Kikubaaqudgha
Makhleb
Nemelex Xobeh
Okawaru
Qazlal
Ru
Sif Muna
Trog
Uskayaw
Vehumet
Xom
Yredelemnul
Zin
The Shining One
Jiyva

Shops:
D:3 *   D:4 *   D:6 !?[?   Orc:2 [(:?   Snake:3 %   Snake:4 ?

Annotations:
D:4 Sigmund
D:5 azzavlup's ghost, novice OgHu
Lair:6 1 runed door
Snake:4 exclusion: Roxanne, Roxanne


Innate Abilities, Weirdness & Mutations

You have hoof-like feet.
You are mostly covered in rugged brown scales. (AC +2, +5% HP)
A demonic guardian rushes to your aid.
You may emit foul miasma when damaged in melee.
You are immune to rotting.


Message History

The deep troll shaman barely misses you.
The deep troll shaman claws you but does no damage. x2
The deep troll shaman looks sick.
You climb upwards.
Uskayaw prepares the audience for your solo!
There is a stone staircase leading down, spattered with blood here.
Unknown command.
Unknown command.
Unknown command.
Unknown command.
Unknown command.
Unknown command.
Unknown command.
Unknown command.
Unknown command.
Unknown command.
Unknown command.
Damage: 38 (max 38) Unknown command.
Unknown command.
Unknown command.
Unknown command.
Unknown command.
Unknown command.
Unknown command.
Unknown command.
Unknown command.
Unknown command.
Unknown command.
Unknown command.
Unknown command.
The frost giant is no longer paralysed.
The frost giant is no longer sharing its pain.
The ironbrand convoker is no longer sharing its pain.
The deep troll is no longer paralysed. x2
The deep troll shaman is no longer paralysed.
The ironbrand convoker is no longer paralysed.
The deep troll bites you but does no damage.
The deep troll claws you but does no damage.
The deep troll claws you.
* * * LOW HITPOINT WARNING * * *
Damage: 3 (max 38)
The deep troll shaman is no longer sharing its pain.
The ironbrand convoker hits you with a flail!
* * * LOW HITPOINT WARNING * * *
There is an open door here.
Damage: 8 (max 38)
The deep troll is no longer sharing its pain. x2
The deep troll misses you. x2; The deep troll claws you.
You die...

#...# #......# #...# #......#
####### ##(..# #......#
......#######([..#######......#
.†....#.....)#(.>......'......#
.)....'......#..C.T4...########
......#......#..pT.....#
......####...####T######
......# #......@## ......#
#.......# ......# #.......#
####### #####...# #...# #...#
#####


You could see 2 deep trolls, a deep troll shaman and a friendly orange demon.

Vanquished Creatures
  Vashnia (Snake:3)
  2 thorn hunters (Swamp:3)
  6 nagarajas
  Louise (Swamp:3)
  3 vault wardens
  Aizul (Snake:4)
  3 ironheart preservers (Vaults:2)
  The ghost of aggelon the Grappler, a journeyman TrBe of Trog (Swamp:1)
  4 stone giants
  2 ettins
  A deep elf death mage (Vaults:2)
  A crystal guardian (Vaults:2)
  4 fire dragons
  2 yaktaur captains (Vaults:2)
  2 ice dragons (Vaults:2)
  10 naga warriors
  25 hydras
  An ice dragon (shapeshifter) (Vaults:2)
  4 centaur warriors
  10 anacondas
  5 ogre magi
  7 alligators
  A deep troll earth mage (Vaults:2)
  A vampire mage (D:15)
  4 shock serpents (Snake:4)
  Urug (Lair:4)
  19 naga sharpshooters
  A salamander mystic (Snake:2)
  A deep elf knight (Orc:1)
  7 skeletal warriors
  4 unseen horrors
  A sea snake (Snake:1)
  4 naga ritualists
  2 fire crabs (Swamp:4)
  4 wizards (D:15)
  A shambling mangrove (Swamp:2)
  11 swamp dragons
  A glowing orange brain (Vaults:1)
  6 deep trolls
  A spriggan druid (Swamp:4)
  7 deep elf archers (Vaults:2)
  3 ironbrand convokers
  5 hill giants
  2 necromancers
  A wolf spider (Lair:6)
  11 mana vipers
  3 oklob plants (D:11)
  6 orc knights
  4 orc sorcerers
  6 salamanders
  A wolf spider zombie (D:13)
  21 ugly things
  8 deep elf magi
  A faun (shapeshifter) (D:12)
  3 cyclopes
  10 elephants
  Maurice (Orc:2)
  38 black mambas
  2 manticores
  12 naga magi
  6 vault sentinels
  3 guardian serpents
  2 gargoyles
  2 rime drakes
  15 spiny frogs
  A kobold demonologist (D:13)
  6 komodo dragons
  A freezing wraith (Vaults:2)
  13 yaktaurs
  A hydra zombie (Swamp:4)
  3 meliai (D:14)
  12 trolls
  13 two-headed ogres
  6 tyrant leeches
  15 hornets
  2 two-headed ogres (shapeshifter) (Vaults:1)
  2 sphinx simulacra
  12 blink frogs
  14 hippogriffs
  24 slime creatures
  A hippogriff (shapeshifter) (D:14)
  9 bog bodies
  A human simulacrum (Vaults:2)
  A centaur simulacrum (D:14)
  3 shadows
  7 spriggans
  A frost giant simulacrum (Vaults:2)
  2 redbacks (Lair:6)
  44 yaks
  A yak (shapeshifter) (Vaults:1)
  A vampire (D:15)
  7 wyverns (Lair:6)
  3 wraiths
  15 humans
  10 vampire mosquitoes
  7 wargs
  8 insubstantial wisps
  A soldier ant (D:13)
  8 mottled dragons
  51 nagas
  19 swamp worms
  19 water moccasins
  A floating eye (shapeshifter) (Vaults:2)
  14 swamp drakes
  A black bear (Lair:2)
  2 sky beasts
  5 ice beasts
  11 porcupines
  A hornet zombie (Ossuary)
  30 orc warriors
  An eye of draining (D:12)
  3 phantoms
  2 necrophages
  A boggart (Vaults:2)
  36 ogres
  6 wolves (Lair:6)
  A centaur (D:10)
  12 crocodiles
  3 big kobolds
  14 bullfrogs
  A komodo dragon zombie (Swamp:4)
  A wyvern skeleton (D:9)
  4 scorpions
  22 killer bees
  3 howler monkeys
  10 electric eels
  3 bullfrog zombies
  6 centaur zombies
  7 crimson imps
  5 human zombies (D:8)
  4 jellies
  2 quasits
  2 centaur skeletons
  5 hounds
  An iron imp (Orc:1)
  18 orc priests
  29 orc wizards
  2 gnoll shamans
  20 mummies
  2 bullfrog skeletons (D:9)
  5 iguanas
  7 worker ants
  A killer bee zombie (D:9)
  4 hound skeletons
  2 worker ant zombies
  2 howler monkey zombies (Ossuary)
  12 gnolls
  A howler monkey skeleton (D:9)
  22 adders
  6 shadow imps
  A white imp (Orc:1)
  A swamp drake simulacrum (Swamp:4)
  An ooze (D:5)
  An adder skeleton (D:5)
  3 adder zombies
  2 worms (D:3)
  A dart slug (D:2)
  8 leopard geckos
  99 orcs
  3 bats
  6 giant cockroaches
  9 goblins
  10 hobgoblins
  6 jackals
  5 quokkas
  2 ball pythons
  3 frilled lizards
  A giant cockroach zombie (Ossuary)
  A jackal skeleton (D:5)
  19 kobolds
  A quokka skeleton (D:6)
  2 quokka zombies (Ossuary)
  17 rats
  3 briar patches (Swamp:3)
  A plant (D:11)
1242 creatures vanquished.

Vanquished Creatures (collateral kills)
  Rupert (D:13)
  A thorn hunter (Swamp:3)
  3 nagarajas
  A vault warden (Vaults:2)
  A deep elf death mage (Vaults:2)
  A fire dragon (Swamp:4)
  3 ogre magi
  A yaktaur captain (Vaults:1)
  5 naga warriors
  5 naga sharpshooters
  A salamander mystic (Snake:4)
  A skeletal warrior (D:15)
  A glowing orange brain (shapeshifter) (Vaults:1)
  A shambling mangrove (Swamp:3)
  A wizard (D:14)
  A deep elf mage (D:15)
  2 naga ritualists
  An ironbrand convoker (Vaults:1)
  A wolf spider (Vaults:2)
  An orc sorcerer (Orc:2)
  4 ugly things
  2 mana vipers (Snake:4)
  A salamander (Snake:4)
  4 black mambas
  A naga mage (Snake:4)
  A vault sentinel (Vaults:2)
  2 yaktaurs (Vaults:1)
  2 tyrant leeches
  A hornet (Swamp:1)
  4 blink frogs
  A bog body (Swamp:3)
  2 slime creatures
  A redback (Lair:6)
  2 spriggans
  A shadow (D:13)
  2 yaks
  4 nagas
  A warg (Orc:2)
  An insubstantial wisp (Swamp:3)
  An orc warrior (D:12)
  3 ogres
  A crocodile (Lair:6)
  A centaur (Lair:2)
  An orc priest (Orc:1)
  An orc wizard (Orc:2)
  An adder (Lair:6)
  4 orcs
83 creatures vanquished.

Vanquished Creatures (others)
  A hydra (Swamp:4)
  2 spriggans (Swamp:4)
  A spriggan druid (Swamp:4)
  A lindwurm (Swamp:4)
  A tyrant leech (Swamp:4)
  A hornet (Swamp:4)
  2 mottled dragons (Swamp:4)
  2 swamp drakes (Swamp:4)
  An orc wizard (Orc:1)
  An orc (Orc:1)
  A fire vortex (Swamp:4)
  11 fungi
  17 plants
  3 withered plants (Ossuary)
45 creatures vanquished.

Grand Total: 1370 creatures vanquished

Notes
Turn   | Place    | Note
-------+----------+-------------------------------------------
     0 | D:1      | Gorice the Demonspawn Gladiator began the quest for the Orb.
     0 | D:1      | Reached XP level 1. HP: 16/16 MP: 1/1
   105 | D:1      | Reached skill level 3 in Maces & Flails
   393 | D:1      | Gained mutation: You are immune to rotting. [demonic ancestry]
   393 | D:1      | Reached XP level 2. HP: 22/22 MP: 2/2
  1163 | D:2      | Reached XP level 3. HP: 27/27 MP: 3/3
  1329 | D:2      | Reached skill level 4 in Maces & Flails
  1418 | D:2      | Found a stormy altar of Qazlal.
  1420 | D:2      | Noticed an earth elemental
  1420 | D:2      | Noticed a water elemental
  1421 | D:2      | Noticed a fire elemental
  1421 | D:2      | Noticed an air elemental
  2049 | D:3      | Reached XP level 4. HP: 30/33 MP: 4/4
  2444 | D:3      | Reached skill level 5 in Maces & Flails
  2482 | D:3      | Found Gozag's Platinum Reserve.
  2486 | D:3      | Found an opulent altar of Gozag.
  2756 | D:4      | Gained mutation: You have large cloven feet. [demonic ancestry]
  2756 | D:4      | Reached XP level 5. HP: 37/38 MP: 5/5
  2994 | D:4      | Got a brightly glowing whip
  3013 | D:4      | Identified the +9 whip of the Empty Page {vamp, rPois} (You found it on level 4 of the Dungeon)
  3037 | D:4      | --nice
  3116 | D:4      | Noticed Sigmund
  3250 | D:4      | Reached skill level 6 in Maces & Flails
  3276 | D:4      | Found Nomneebb's Assorted Antiques.
  3291 | D:4      | Reached XP level 6. HP: 44/44 MP: 6/6
  3382 | D:5      | Entered Level 5 of the Dungeon
  3400 | D:5      | Found Gunaw's Assorted Antiques.
  3481 | D:5      | Noticed a hornet
  3499 | D:5      | Killed a hornet
  3499 | D:5      | Reached skill level 7 in Maces & Flails
  3499 | D:5      | Reached skill level 1 in Armour
  3499 | D:5      | Gained mutation: You are partially covered in rugged brown scales. (AC +1, +3% HP) [demonic ancestry]
  3499 | D:5      | Reached XP level 7. HP: 21/51 MP: 7/7
  3823 | D:5      | Reached skill level 2 in Armour
  4319 | D:5      | Noticed azzavlup's ghost (novice OgHu)
  4402 | D:5      | Reached skill level 8 in Maces & Flails
  4402 | D:5      | Reached skill level 3 in Armour
  4654 | D:6      | Found Lanta's Magic Scroll Shoppe.
  4663 | D:6      | Bought a scroll of identify for 28 gold pieces
  4663 | D:6      | Bought a scroll of identify for 28 gold pieces
  4702 | D:6      | Found Moiraige's Distillery.
  4709 | D:6      | Bought a potion of haste for 120 gold pieces
  4709 | D:6      | Bought a potion of heal wounds for 60 gold pieces
  4881 | D:6      | Found Uzaucir's Magic Scroll Boutique.
  4968 | D:6      | Gained mutation: You have hoof-like feet. [demonic ancestry]
  4968 | D:6      | Reached XP level 8. HP: 57/57 MP: 8/8
  5067 | D:6      | Found Vubeylob's Armour Emporium.
  5421 | D:6      | Bought a potion of might for 48 gold pieces
  5584 | D:7      | Noticed a dagger
  5584 | D:7      | Noticed a dagger
  5585 | D:7      | Found a hide-covered altar of Uskayaw.
  5798 | D:7      | Reached skill level 9 in Maces & Flails
  5798 | D:7      | Reached skill level 4 in Armour
  5929 | D:7      | Found a sand-covered staircase.
  5959 | Ossuary  | Entered an ossuary
  6615 | Ossuary  | Reached XP level 9. HP: 57/62 MP: 9/9
  6718 | D:7      | Reached skill level 10 in Maces & Flails
  6718 | D:7      | Reached skill level 5 in Armour
  6760 | D:7      | Found a staircase to the Ecumenical Temple.
  6765 | Temple   | Entered the Ecumenical Temple
  6945 | D:7      | Became a worshipper of Uskayaw the Reveler
  7146 | D:7      | Reached * piety under Uskayaw
  7233 | D:8      | Reached ** piety under Uskayaw
  7262 | D:8      | Reached *** piety under Uskayaw
  7471 | D:8      | Found a shadowy altar of Dithmenos.
  7906 | D:8      | Found an ancient bone altar of Kikubaaqudgha.
  7929 | D:8      | Reached **** piety under Uskayaw
  7939 | D:8      | Reached ***** piety under Uskayaw
  7964 | D:8      | Reached ****** piety under Uskayaw
  7991 | D:8      | Reached skill level 6 in Armour
  8008 | D:8      | Reached skill level 11 in Maces & Flails
  8131 | D:9      | Noticed a troll
  8145 | D:9      | Killed a troll
  8474 | D:9      | Found a white marble altar of Elyvilon.
  8488 | D:9      | Reached XP level 10. HP: 69/69 MP: 10/10
  9164 | D:10     | Entered Level 10 of the Dungeon
  9366 | D:10     | Reached skill level 7 in Armour
  9375 | D:10     | Reached skill level 12 in Maces & Flails
  9662 | D:10     | Reached skill level 3 in Fighting
 10056 | D:10     | Reached skill level 4 in Fighting
 10254 | D:11     | Reached skill level 5 in Fighting
 10592 | D:11     | You fall through a shaft for 2 floors!
 10592 | D:13     | Found a gate to the Vaults.
 10592 | D:13     | Noticed an orc knight
 10592 | D:13     | Noticed a centaur warrior
 10592 | D:13     | Noticed Rupert
 10609 | D:12     | Reached skill level 8 in Armour
 10618 | D:12     | Reached skill level 6 in Fighting
 10630 | D:12     | Killed an orc knight
 10630 | D:12     | Reached XP level 11. HP: 85/85 MP: 11/11
 10644 | D:12     | Noticed a deep elf mage
 10662 | D:12     | Killed a deep elf mage
 10739 | D:12     | Reached skill level 7 in Fighting
 10745 | D:12     | Found a staircase to the Orcish Mines.
 10850 | D:12     | Noticed a cyan ugly thing
 10868 | D:12     | Killed a cyan ugly thing
 11132 | D:12     | Reached skill level 8 in Fighting
 11142 | D:12     | Noticed a deep elf mage
 11174 | D:12     | Killed a deep elf mage
 11471 | D:11     | Noticed an oklob plant
 11546 | D:11     | Noticed a purple ugly thing
 11566 | D:11     | Killed a purple ugly thing
 11566 | D:11     | Reached skill level 9 in Armour
 11666 | D:11     | Noticed an oklob plant
 11824 | D:11     | Found a staircase to the Lair.
 11824 | D:11     | Noticed an oklob plant
 11843 | D:11     | Killed an oklob plant
 11851 | D:11     | HP: 18/89 [acid (17)]
 12222 | D:12     | You fall through a shaft for 2 floors!
 12249 | D:14     | Killed an unseen horror
 12249 | D:14     | Reached skill level 9 in Fighting
 12382 | D:14     | Killed an unseen horror
 12552 | D:14     | Noticed a deep elf mage
 12562 | D:14     | Killed a deep elf mage
 12724 | D:14     | Noticed a skeletal warrior
 12759 | D:14     | Killed a skeletal warrior
 12775 | D:14     | Noticed a skeletal warrior
 12805 | D:14     | Killed a skeletal warrior
 12805 | D:14     | Reached skill level 10 in Fighting
 12956 | D:14     | Noticed a skeletal warrior
 12956 | D:14     | Noticed a skeletal warrior
 12956 | D:14     | Noticed a skeletal warrior
 13018 | D:14     | Noticed a centaur warrior
 13502 | D:12     | Reached skill level 10 in Armour
 13651 | D:12     | Gained mutation: A weak demonic guardian rushes to your aid. [demonic ancestry]
 13651 | D:12     | Reached XP level 12. HP: 91/99 MP: 12/12
 14411 | D:12     | Reached skill level 11 in Fighting
 14563 | Orc:1    | Entered Level 1 of the Orcish Mines
 15227 | Orc:1    | Noticed an ettin
 15242 | Orc:1    | HP: 19/103 [ettin/dire flail (27)]
 15244 | Orc:1    | HP: 3/103 [ettin/dire flail (19)]
 15255 | Orc:1    | HP: 3/103 [ettin/dire flail (3)]
 15656 | D:6      | Bought a +2 plate armour of magic resistance for 560 gold pieces
 15890 | D:9      | Reached skill level 11 in Armour
 16898 | D:13     | Reached skill level 12 in Fighting
 16931 | D:13     | Killed a centaur warrior
 17360 | D:13     | Reached skill level 1 in Evocations
 17416 | D:13     | Reached XP level 13. HP: 111/111 MP: 12/14
 17637 | D:14     | Reached skill level 2 in Evocations
 17692 | D:14     | Reached skill level 12 in Armour
 17796 | D:14     | Reached skill level 1 in Invocations
 17913 | D:14     | Reached skill level 3 in Evocations
 18223 | D:14     | HP: 33/111 [meliai/war axe (4)]
 18230 | D:14     | Reached skill level 2 in Invocations
 18239 | D:14     | HP: 33/111 [poisoned by a meliai]
 18246 | D:14     | HP: 31/111 [poisoned by a meliai]
 18251 | D:14     | HP: 30/111 [poisoned by a meliai]
 18258 | D:14     | HP: 30/111 [poisoned by a meliai]
 18263 | D:14     | HP: 30/111 [poisoned by a meliai]
 18271 | D:14     | HP: 29/111 [poisoned by a meliai]
 18277 | D:14     | HP: 29/111 [poisoned by a meliai]
 18283 | D:14     | HP: 29/111 [poisoned by a meliai]
 18576 | D:14     | Reached skill level 4 in Evocations
 18709 | D:14     | Reached skill level 3 in Invocations
 18977 | D:4      | Bought a potion of invisibility for 208 gold pieces
 18977 | D:4      | Bought a scratched marble ring for 130 gold pieces
 19111 | D:11     | Reached skill level 5 in Evocations
 19376 | Lair:1   | Entered Level 1 of the Lair of Beasts
 19431 | Lair:1   | Reached skill level 4 in Invocations
 19740 | Lair:1   | Reached skill level 6 in Evocations
 19920 | Lair:1   | Reached skill level 5 in Invocations
 20517 | Lair:2   | Reached skill level 3 in Dodging
 20566 | Lair:2   | Found a staircase to the Swamp.
 21015 | Lair:3   | Found a staircase to the Snake Pit.
 21263 | Lair:3   | Reached skill level 4 in Dodging
 21856 | Lair:4   | Noticed Urug
 21879 | Lair:4   | Killed Urug
 21879 | Lair:4   | Reached skill level 5 in Dodging
 21927 | Lair:4   | Got a faintly glowing flail
 22610 | Lair:5   | Gained mutation: You are mostly covered in rugged brown scales. (AC +2, +5% HP) [demonic ancestry]
 22610 | Lair:5   | Reached XP level 14. HP: 111/120 MP: 18/18
 22742 | Lair:5   | Reached skill level 6 in Dodging
 22800 | Lair:5   | Reached skill level 13 in Armour
 23570 | Lair:6   | Entered Level 6 of the Lair of Beasts
 23732 | Lair:6   | Reached skill level 7 in Dodging
 23960 | Lair:6   | Found a runed door.
 24010 | Lair:6   | Found a viscous altar of Jiyva.
 24010 | Lair:6   | Found a staircase to the Slime Pits.
 24010 | Lair:6   | Noticed an azure jelly
 24010 | Lair:6   | Noticed an azure jelly
 24204 | Lair:6   | Reached skill level 8 in Dodging
 24751 | Lair:6   | Reached skill level 14 in Armour
 25475 | Orc:1    | Reached skill level 9 in Dodging
 25845 | Orc:2    | Entered Level 2 of the Orcish Mines
 25847 | Orc:2    | Found a staircase to the Elven Halls.
 26080 | Orc:2    | Found a radiant altar of Vehumet.
 26091 | Orc:2    | Found Heniopyludd's Magic Scroll Emporium.
 26359 | Orc:1    | Gained mutation: A demonic guardian rushes to your aid. [demonic ancestry]
 26359 | Orc:1    | Reached XP level 15. HP: 122/127 MP: 19/19
 26746 | Orc:2    | Found Wabovewn's Book Shop.
 26747 | Orc:2    | Found Vomy's Weapon Boutique.
 26752 | Orc:2    | Found Kemitic's Armour Shop.
 26794 | Orc:2    | Noticed Maurice
 26832 | Orc:2    | Killed Maurice
 27245 | Orc:2    | Reached skill level 10 in Dodging
 27475 | D:13     | Killed Rupert
 27760 | D:15     | Entered Level 15 of the Dungeon
 27875 | D:15     | Reached skill level 15 in Armour
 27914 | D:15     | Paralysed by an ogre mage for 5 turns
 28225 | D:15     | Reached skill level 11 in Dodging
 28291 | D:15     | Found a staircase to the Depths.
 28410 | D:15     | Found a glowing silver altar of Zin.
 29000 | Lair:1   | Identified a scroll of acquirement
 29001 | Lair:1   | Got a brightly glowing great mace
 29002 | Lair:1   | Identified the +9 great mace "Hagaerid" {venom, Str+3 SInv} (You acquired it on level 1 of the Lair of Beasts)
 29075 | Snake:1  | Entered Level 1 of the Snake Pit
 29963 | Snake:2  | HP: 33/127 [salamander mystic/bolt of magma (28)]
 29972 | Snake:2  | HP: 38/127 [poisoned by a naga sharpshooter (splash of poison)]
 29980 | Snake:2  | HP: 38/127 [poisoned by a naga sharpshooter (splash of poison)]
 30280 | Snake:2  | Noticed a nagaraja
 30307 | Snake:2  | Killed a nagaraja
 30307 | Snake:2  | Gained mutation: You may emit foul miasma when damaged in melee. [demonic ancestry]
 30307 | Snake:2  | Reached XP level 16. HP: 87/133 MP: 20/20
 30434 | Snake:2  | Reached skill level 16 in Armour
 30638 | Snake:2  | Reached skill level 12 in Dodging
 32046 | Snake:3  | Noticed Vashnia
 32406 | Snake:3  | Found Qodihoe's Food Boutique.
 32419 | Snake:3  | Reached skill level 13 in Fighting
 32985 | Snake:3  | HP: 28/136 [naga sharpshooter/arrow[Vashnia] (17)]
 33464 | Swamp:1  | Entered Level 1 of the Swamp
 33659 | Swamp:1  | Noticed aggelon's ghost (journeyman TrBe)
 33699 | Swamp:1  | HP: 37/137 [aggelon's ghost (23)]
 33710 | Swamp:1  | HP: 26/137 [aggelon's ghost (15)]
 33720 | Swamp:1  | HP: 17/205 [aggelon's ghost (29)]
 33721 | Swamp:1  | Killed aggelon's ghost
 33721 | Swamp:1  | Reached skill level 13 in Dodging
 35778 | Swamp:3  | Noticed a thorn hunter
 35801 | Swamp:3  | Killed a thorn hunter
 35921 | Swamp:3  | Noticed Louise
 36328 | Swamp:3  | Killed Louise
 36389 | Swamp:3  | Reached skill level 14 in Fighting
 36849 | Swamp:3  | Noticed a thorn hunter
 36861 | Swamp:3  | Killed a thorn hunter
 37201 | Swamp:3  | Noticed a thorn hunter
 37208 | Swamp:3  | Killed a thorn hunter
 37267 | Swamp:4  | Entered Level 4 of the Swamp
 37275 | Swamp:4  | Reached skill level 13 in Maces & Flails
 37369 | Swamp:4  | Reached XP level 17. HP: 85/145 MP: 21/21
 37383 | Swamp:4  | HP: 40/145 [blink frog (11)]
 37891 | Snake:3  | Killed Vashnia
 38165 | Snake:4  | Entered Level 4 of the Snake Pit
 38737 | Snake:4  | Found Jonnap's Magic Scroll Shop.
 38875 | Snake:4  | Bought a scroll of teleportation for 42 gold pieces
 38875 | Snake:4  | Bought a scroll of brand weapon for 280 gold pieces
 39144 | Snake:4  | Noticed Roxanne
 39207 | Snake:4  | Got a shimmering dagger {pierce}
 39246 | Snake:4  | Reached skill level 14 in Maces & Flails
 39500 | Snake:4  | Reached skill level 15 in Fighting
 39897 | Snake:4  | HP: 44/149 [poisoned by a nagaraja (poison arrow)]
 39902 | Snake:4  | HP: 36/149 [nagaraja/whip (12)]
 39907 | Snake:4  | HP: 32/149 [nagaraja/whip (2)]
 39908 | Snake:4  | Noticed Aizul
 39912 | Snake:4  | HP: 37/149 [naga sharpshooter/splash of poison (3)]
 39918 | Snake:4  | HP: 33/149 [naga sharpshooter/bolt (8)]
 39919 | Snake:4  | HP: 16/149 [shock serpent/bolt of electricity (18)]
 40448 | Snake:4  | Killed Aizul
 40458 | Snake:4  | Reached skill level 14 in Dodging
 41526 | Snake:4  | Got a serpentine rune of Zot
 41603 | Snake:4  | HP: 40/149 [salamander/spear (14)]
 42024 | Lair:1   | Identified the +11 dagger "Naifoarch" {pierce, +Fly rF+++ rC-} (You took it off a naga on level 4 of the Snake Pit)
 42672 | Swamp:4  | Reached XP level 18. HP: 129/156 MP: 22/22
 43131 | Swamp:4  | Reached skill level 15 in Dodging
 43457 | Swamp:4  | Got a decaying rune of Zot
 44418 | Vaults:1 | Entered Level 1 of the Vaults
 46693 | Vaults:2 | Reached skill level 16 in Dodging
 46874 | Vaults:2 | Reached skill level 15 in Maces & Flails
 46874 | Vaults:2 | Reached skill level 2 in Throwing
 47052 | Vaults:2 | Reached skill level 3 in Throwing
 47283 | Vaults:2 | Reached skill level 4 in Throwing
 47691 | Vaults:2 | HP: 46/156 [yaktaur captain (5)]
 47697 | Vaults:2 | HP: 22/156 [yaktaur captain (15)]
 47698 | Vaults:2 | Reached skill level 5 in Throwing
 48210 | Vaults:2 | HP: 44/156 [frost giant/bolt of cold (19)]
 48218 | Vaults:2 | Reached skill level 6 in Throwing
 48219 | Vaults:2 | HP: 41/156 [deep troll[an ironheart preserver] (12)]
 48219 | Vaults:2 | HP: 15/156 [frost giant/battleaxe of freezing (26)]
 48223 | Vaults:1 | HP: 5/156 [ironbrand convoker/flail (8)]
 48224 | Vaults:1 | Slain by a deep troll

Skill      XL: |  1  2  3  4  5  6  7  8  9 10 11 12 13 14 15 16 17 18 |
---------------+-------------------------------------------------------+-----
Maces & Flails | 3 4 5 6 7 8 9 11 12 13 14 15 | 15.3
Armour         | 1 3 4 6 8 10 11 12 14 15 16 | 16.0
Fighting       | 6 10 12 14 15 | 15.0
Evocations     | 1 6 |  6.6
Invocations    | 5 |  5.3
Dodging        | 5 9 11 13 14 16 | 16.0
Throwing       | 6 |  6.0

Action                   |  1- 3 |  4- 6 |  7- 9 | 10-12 | 13-15 | 16-18 || total
-------------------------+-------+-------+-------+-------+-------+-------++-------
Melee: Flail             |   131 |    38 |       |       |       |       ||   169
       Whip              |       |    36 |   528 |  1229 |  2477 |  3204 ||  7474
       Kick              |       |    10 |   169 |   489 |   209 |       ||   877
       Great mace        |       |       |       |       |       |   185 ||   185
 Fire: Hunting sling     |    10 |    55 |       |       |       |       ||    65
       Blowgun           |       |       |       |       |       |     4 ||     4
Throw: Stone             |    21 |     3 |       |       |       |       ||    24
       Tomahawk          |       |       |    31 |    13 |    14 |    17 ||    75
       Javelin           |       |       |     1 |       |       |       ||     1
       Throwing net      |       |       |       |     1 |     1 |     2 ||     4
Invok: Stomp             |       |       |       |     4 |     1 |     1 ||     6
       Grand Finale      |       |       |       |       |     2 |       ||     2
Evoke: Wand              |       |       |       |     6 |     4 |       ||    10
  Use: Scroll            |     8 |     3 |    10 |    15 |     7 |    14 ||    57
       Potion            |       |       |     1 |     6 |     4 |    17 ||    28
 Stab: Paralysed         |       |       |     4 |    49 |   173 |   199 ||   425
       Invisible         |       |       |       |     7 |     5 |       ||    12
       Distracted        |       |       |       |     3 |     5 |     8 ||    16
       Held in net/web   |       |       |       |       |     2 |       ||     2
       Confused          |       |       |       |       |       |    10 ||    10
  Eat: Chunk             |     3 |     5 |    13 |    48 |    58 |    61 ||   188
       Meat ration       |       |     1 |       |       |       |       ||     1
       Pizza             |       |       |     2 |       |       |       ||     2
       Bread ration      |       |       |       |       |       |     3 ||     3
Armor: Ring mail         |    42 |    23 |       |       |       |       ||    65
       Leather armour    |     1 |       |       |       |       |       ||     1
       Chain mail        |       |     7 |   152 |   102 |       |     2 ||   263
       Plate armour      |       |       |       |   424 |  1073 |  1343 ||  2840
Dodge: Dodged            |    78 |    33 |    89 |   281 |   939 |  1611 ||  3031
Block: Other             |     9 |     5 |    16 |     3 |       |       ||    33
       Reflection        |     1 |       |     1 |       |       |       ||     2

Table legend:
 A = Turns spent in this place as a percentage of turns spent in the entire game.
 B = Non-inter-level travel turns spent in this place as a percentage of non-inter-level travel turns spent in the entire game.
 C = Inter-level travel turns spent in this place as a percentage of turns spent in this place.
 D = Turns resting spent in this place as a percentage of non-inter-level travel turns spent in this place.
 E = Turns spent auto-exploring this place as a percentage of non-inter-level travel turns spent in this place.
 F = Non-inter-level travel turns spent in this place divided by the number of levels of this place that you've seen.
                   A       B       C       D       E      F
               +-------+-------+-------+-------+-------+----------------------
         Total | 100.0 | 100.0 |   0.5 |   1.8 |   3.0 | 620.3
       Dungeon |  35.6 |  35.5 |   0.6 |   2.0 |   4.1 | 514.3
        Temple |   0.5 |   0.5 |   0.9 |   0.0 |   0.9 | 111.0
          Lair |  11.4 |  11.4 |   0.8 |   0.6 |   5.1 | 412.3
         Swamp |  12.5 |  12.5 |   0.5 |   1.3 |   3.1 | 676.8
     Snake Pit |  17.9 |  18.0 |   0.2 |   3.6 |   2.3 | 975.8
  Orcish Mines |   6.8 |   6.8 |   0.4 |   0.5 |   1.3 | 739.5
        Vaults |  13.4 |  13.4 |   0.1 |   0.4 |   0.3 | 1457.0
       Ossuary |   1.9 |   1.9 |   0.0 |   5.9 |   1.2 | 408.0
               +-------+-------+-------+-------+-------+----------------------

Vault maps used:
D:1:      arrival_zaba_pyramid, st_stairs_10
D:2:      nicolae_qazlal_style_of_elements, grunt_ministairs_1,
          minmay_rat_gold_closets
D:3:      kb_forest_paths, nicolae_gozag_zags_fifth_avenue
D:4:      serial_shops, nicolae_shop_statue_plus, supply_closet_lemuel,
          uniq_sigmund
D:5:      serial_shops, shop, first_bread, kennysheep_generic_room_10
D:6:      serial_shops, shop, nicolae_shop_behind_doors, shop,
          nicolae_shop_crystal
D:7:      dancing_weapons_uskayaw, nicolae_ossuary_entry_monument,
          hangedman_decor_points
D:8:      grunt_dithmenos_smoke_and_mirrors,
          lemuel_mausoleum_altar_kikubaaqudgha, fountainhead
D:9:      kennysheep_mini_moat, the_bakery
D:11:     dpeg_oklobed_lair
D:12:     david_orc_1_choice, hex_tiny
D:13:     david_vaults_3
D:14:     minmay_misc_feat_alley
D:15:     grunt_enter_depths_magical_seal, basic_altar,
          minmay_guarded_unrand_prune
Temple:   regret_index_temple_waves
Lair:1:   st_stairs_11
Lair:2:   swamp_mist, grunt_forest_large_clearing_hut
Lair:3:   minmay_snake_entry_six_corridors, serial_bayou_shore_b
Lair:4:   bh_autumn_forest_stairs, grunt_megastairs_5, serial_bayou_shore_b,
          uniq_urug
Lair:5:   infiniplex_staircase_pool_2, grunt_megastairs_1
Lair:6:   hangedman_lair_tendril_chambers, slime_altar_2, serial_bayou_pond_b,
          serial_bayou_lake_a
Swamp:1:  evilmike_swamp_ruin_rubble_2
Swamp:2:  evilmike_swamp_ruin_rubble_1
Swamp:3:  nicolae_swamp_round_clearing, uniq_louise
Swamp:4:  swamp_fiery, swamp_pool2, nicolae_swamp_necromancer_hut
Snake:1:  serial_bayou_shore_a
Snake:2:  grunt_ministairs_12, fake_guardian_serpent_vault
Snake:3:  serial_shops, nicolae_shop_stone, uniq_vashnia
Snake:4:  minmay_snake_end_coiled, serial_shops, shop,
          hangedman_snake_thin_pillar_pass, grunt_ministairs_5,
          nicolae_snake_squiggles, uniq_aizul, uniq_roxanne
Orc:1:    hangedman_minor_magic
Orc:2:    st_orc_open, basic_altar, nooodl_orcs_dogs, uniq_maurice, uniq_rupert
Vaults:1: nicolae_vaults_circle_grid_b, vaults_mumra_lcd, v_alt_pattern_6,
          grunt_vaults_focal, v_alt_pattern_6, nicolae_vaults_little_squares_6,
          vaults_standard_mumra_enter_the_diamond, hangedman_vaults_variations,
          v_misc_12, v_misc_16, nicolae_vaults_little_ls
Vaults:2: nicolae_vaults_theta, minmay_crypt_entry_simple_corners, v_rooms_3,
          dpeg_vaults_monster_doublerow, v_misc_13, ontoclasm_vaults_ligature,
          nicolae_vaults_stairing_the_circle, nicolae_vaults_ring_of_whatevers,
          nicolae_vaults_ring_of_whatevers, nicolae_vaults_yaktaur_gun_rack,
          nicolae_vaults_little_squares_5, nicolae_vaults_network_barrier,
          v_misc_18, v_misc_26, v_misc_24, nicolae_vaults_angled_halls,
          vaults_room_hallway
Ossuary:  ossuary_zaba_flooded
